 Dungeon Crawl Stone Soup version 0.21.0-3-g78d12a8bdd (webtiles) character file.

53 shklvsk the Skirmisher (level 3, -5/18 HPs)
             Began as a Felid Abyssal Knight on Jan 14, 2018.
             Was a Follower of Lugonu.
             Killed from afar by an orc wizard (7 damage)
             ... with a magic dart
             ... on level 4 of the Dungeon.
             The game lasted 00:08:25 (4838 turns).

shklvsk the Skirmisher (Felid Abyssal Knight)       Turns: 4838, Time: 00:08:25

Health: -5/18      AC:  1    Str:  9    XL:     3   Next: 62%
Magic:  5/5        EV: 18    Int: 13    God:    Lugonu [*.....]
Gold:   72         SH:  0    Dex: 15    Spells: 2/2 levels left
                                        Lives:  0   Deaths: 1

rFire    . . .     SeeInvis +     - Unarmed
rCold    . . .     Gourm    .   (shield unavailable)
rNeg     . . .     Faith    .   (armour unavailable)
rPois    .         Spirit   .   (helmet unavailable)
rElec    .         Reflect  .   (cloak unavailable)
rCorr    .         Harm     .   (gloves unavailable)
MR       .....                  (boots unavailable)
Stlth    ++........             (no amulet)
HPRegen  0.06/turn              (no ring)
MPRegen  0.09/turn              (no ring)

@: quick
A: very small, no armour, no weapons or thrown items, stealth, claws 1, fangs 3,
see invisible, carnivore, speed 1, shaggy fur 1, slow metabolism 1, sharp paws
a: Depart the Abyss, Renounce Religion


You were on level 4 of the Dungeon.
You worshipped Lugonu.
Lugonu was aware of your devotion.
You were not hungry.

You visited 1 branch of the dungeon, and saw 4 of its levels.
You visited the Abyss 1 time.

You collected 72 gold pieces.

Inventory:

Scrolls
 d - a scroll of magic mapping {!r}
 g - a scroll of remove curse
 k - 4 scrolls of identify
Potions
 c - a potion of invisibility
 f - a potion of cancellation
Comestibles
 a - 8 rations


   Skills:
 + Level 3.6 Fighting
 + Level 3.3 Dodging
 + Level 2.2 Stealth
 * Level 3.6 Unarmed Combat
 + Level 1.9 Invocations


You had 2 spell levels left.
You didn't know any spells.

Dungeon Overview and Level Annotations

Branches:
Dungeon (4/15)
 Temple: D:4-7

Altars:
Ashenzari
Gozag
Trog
Vehumet

Annotations:
D:2 1 runed door
D:3 Sigmund; bolko's ghost, weakling DsAK
D:4 1 exclusion


Innate Abilities, Weirdness & Mutations

You cannot wear armour.
You are incapable of wielding weapons or throwing items.
Your paws allow you to move quietly. (Stealth)
You have sharp claws.
You have razor-sharp teeth.
You have supernaturally acute eyesight. (SInv)
You are carnivorous and can eat meat at any time.
You cover ground quickly.
You are covered in fur. (AC +1)
You have a slow metabolism.
Your sharp claws are effective at attacking unaware monsters.


Message History

You closely miss the iguana. You bite the iguana, but do no damage.
The iguana barely misses you. The jackal misses you. x2
You closely miss the iguana. The jackal completely misses you.
The iguana barely misses you. The jackal misses you.
You scratch the iguana. You bite the iguana, but do no damage.
The jackal completely misses you. The jackal closely misses you.
The iguana closely misses you. The jackal misses you.
You scratch the iguana but do no damage.
The jackal bites you. The jackal misses you. The iguana bites you.
The jackal misses you.
The phantom blinks!
You take 7 damage, and have 12/21 hp.
MASSIVE DAMAGE!!
You feel yourself speed up.
The jackal misses you. x2; The iguana bites you!
* * * LOW HITPOINT WARNING * * *
You take 9 damage, and have 3/21 hp.
MASSIVE DAMAGE!!
You fade into invisibility!
The jackal barely misses you. The jackal misses you. The iguana bites you!
You die...
You are very lightly contaminated with residual magic.
You are now level 3!
You rejoin the land of the living...
Health restored: 17 You now have 5/5 mp.
Found a stone staircase leading up.
As you read the scroll labeled HEMA JO LOFESI, it crumbles to dust.
The scroll dissolves into smoke.
It was a scroll of fog.
As you read the scroll labeled LOPIGA AKASULY, it crumbles to dust.
It is a scroll of amnesia.
You feel forgetful for a moment.
As you read the scroll labeled ODEZXU MOCO, it crumbles to dust.
You feel strangely unstable.
It was a scroll of teleportation.
Your surroundings suddenly seem different.
The gnoll shouts!
A gnoll is nearby!
A gnoll is nearby!
You hear the slow rusting of a drain nearby.
A frilled lizard comes into view.
Unknown command.
Found a stone staircase leading down.
You see here a scroll of identify.
You open the door.
There is an open door here.
There is an open door here.
The frilled lizard bites you.
You take 2 damage, and have 15/17 hp.
You miss the frilled lizard. The frilled lizard misses you.
You claw the frilled lizard!
You kill the frilled lizard!
Lugonu accepts your kill.
You scratch the gnoll but do no damage. The gnoll closely misses you.
You completely miss the gnoll. You bite the gnoll, but do no damage.
The gnoll completely misses you.
You closely miss the gnoll. The gnoll barely misses you.
You scratch the gnoll. The gnoll misses you.
You scratch the gnoll. You bite the gnoll.
You kill the gnoll!
Lugonu accepts your kill.
No target in view!
No target in view!
Things that are here:
a club; a gnoll corpse; a frilled lizard corpse You hear the slow rusting of a drain nearby.
You see here a great sword.
The shadow imp misses you.
You closely miss the shadow imp. The shadow imp barely misses you.
You closely miss the shadow imp. The shadow imp completely misses you.
You scratch the shadow imp. The shadow imp barely misses you.
You barely miss the shadow imp. The shadow imp misses you.
You closely miss the shadow imp. You barely miss the shadow imp.
The shadow imp misses you.
You scratch the shadow imp. The shadow imp misses you.
You scratch the shadow imp.
You kill the shadow imp!
Lugonu accepts your kill.
k - 4 scrolls of identify (gained 1) Health restored: 18 The orc wizard shouts!
You hear a shout!
The orc wizard gestures wildly while chanting.
The orc wizard seems to speed up.
The orc shouts!
You hear a shout!
The orc throws a tomahawk.
The tomahawk hits you.
You see here a tomahawk.
You take 2 damage, and have 16/18 hp.
You closely miss the orc wizard. The orc wizard completely misses you.
The orc throws a tomahawk.
The tomahawk misses you.
You scratch the orc wizard. The orc wizard hits you with a dagger!
The orc throws a tomahawk.
The tomahawk hits you!
* * * LOW HITPOINT WARNING * * *
The orc wizard barely misses you.
You take 14 damage, and have 2/18 hp.
MASSIVE DAMAGE!!
The rat closely misses you.
A frilled lizard comes into view.
The frilled lizard moves out of view.
The rat closely misses you.
The orc wizard points at you and mumbles some strange words.
The magic dart hits you!
You die...

########.##...........#
.......#.#######'######
#............)...#
#.####.#.#...##### #.####...#...#
.............# ... #....
#.###........# ...##....
#!##..$......##### ........#
.##..........#..@# #......#
.#...?.......#≈#.#####......#####
..........)..# #or...'....>...#..
.............# #.#####......#.#..
.............# #.##(.o...........
.............# #....oo..........#
.............# #((#............##
.............# #............a...#
.............# #..........o....W.


You could see an orc wizard and a rat.

Vanquished Creatures
  A gnoll (D:4)
  3 adders
  A shadow imp (D:4)
  A worm (D:2)
  A leopard gecko (D:2)
  An orc (D:3)
  3 giant cockroaches
  8 hobgoblins
  A ball python (D:2)
  4 bats
  7 frilled lizards
  8 goblins
  5 kobolds
  6 rats
  A fungus (D:2)
51 creatures vanquished.

Notes
Turn   | Place    | Note
-------+----------+-------------------------------------------
     0 | Abyss:1  | shklvsk the Felid Abyssal Knight began the quest for the Orb.
     0 | Abyss:1  | Reached XP level 1. HP: 10/10 MP: 3/3
    24 | Abyss:1  | Noticed a raiju
    24 | Abyss:1  | Noticed a wretched star
    25 | D:1      | Escaped the Abyss
   151 | D:1      | Reached XP level 2. HP: 8/14 MP: 4/4
   961 | D:1      | Reached * piety under Lugonu
  1054 | D:2      | Noticed a crimson imp
  1302 | D:2      | Reached skill level 1 in Stealth
  1447 | D:2      | Reached skill level 3 in Unarmed Combat
  1447 | D:2      | Reached XP level 3. HP: 7/17 MP: 5/5
  1711 | D:2      | Found an opulent altar of Gozag.
  2325 | D:3      | Noticed Sigmund
  3335 | D:3      | Noticed an ogre
  3893 | D:2      | Found a runed door.
  4299 | D:3      | Reached XP level 4. HP: 21/21 MP: 6/6
  4391 | D:3      | Found a bloodstained altar of Trog.
  4450 | D:3      | Reached skill level 2 in Stealth
  4535 | D:3      | Found a shattered altar of Ashenzari.
  4597 | D:3      | Noticed bolko's ghost (weakling DsAK)
  4615 | D:4      | Noticed a phantom
  4639 | D:4      | Noticed a phantom
  4663 | D:4      | Found a radiant altar of Vehumet.
  4690 | D:4      | HP: 3/21 [iguana (9)]
  4691 | D:4      | Slain by an iguana
  4692 | D:4      | Reached XP level 3. HP: -4/17 MP: 5/5
  4832 | D:4      | HP: 2/18 [orc/tomahawk (7)]
  4838 | D:4      | Killed from afar by an orc wizard

Skill      XL: |  1  2  3  4 |
---------------+-------------+-----
Stealth        | 1 2 |  2.2
Unarmed Combat | 3 |  3.6
Fighting       | |  3.6
Dodging        | |  3.3
Invocations    | |  1.9

Action                   |  1- 3 |  4- 6 || total
-------------------------+-------+-------++-------
Melee: Unarmed           |   200 |     9 ||   209
       Bite              |    20 |     2 ||    22
       Punch             |     3 |       ||     3
Invok: Depart the Abyss  |     1 |       ||     1
  Use: Scroll            |     9 |       ||     9
       Potion            |       |     3 ||     3
 Stab: Sleeping          |     7 |     2 ||     9
       Distracted        |     1 |       ||     1
  Eat: Chunk             |     5 |       ||     5
Armor: Skin              |     4 |       ||     4
Dodge: Dodged            |   153 |    33 ||   186

Vault maps used:
D:1:      dpeg_arrival_yet_another_circle, grunt_decor_arrowhead,
          nrook_loot_triangle, minmay_tetromino_o2
D:2:      corexii_item_surrounded_by_moat,
          nicolae_gozag_cash_rules_everything_around_me, uniq_crazy_yiuf_cottage
D:3:      evilmike_ruin_ashenzari, bloody_trog, first_ration, uniq_sigmund
D:4:      vehumet_crystals, portal_sewer_entry_d, uniq_robin, uniq_pikel

Table legend:
 A = Turns spent in this place as a percentage of turns spent in the entire game.
 B = Non-inter-level travel turns spent in this place as a percentage of non-inter-level travel turns spent in the entire game.
 C = Inter-level travel turns spent in this place as a percentage of turns spent in this place.
 D = Turns resting spent in this place as a percentage of non-inter-level travel turns spent in this place.
 E = Turns spent auto-exploring this place as a percentage of non-inter-level travel turns spent in this place.
 F = Non-inter-level travel turns spent in this place divided by the number of levels of this place that you've seen.
                   A       B       C       D       E      F
               +-------+-------+-------+-------+-------+----------------------
         Total | 100.0 | 100.0 |   5.2 |  49.3 |  25.6 | 917.4
       Dungeon |  99.5 |  99.5 |   5.2 |  49.6 |  25.7 | 1140.5
         Abyss |   0.5 |   0.5 |   0.0 |   0.0 |   0.0 |  25.0
               +-------+-------+-------+-------+-------+----------------------

Table legend:
 A = Kills in this place as a percentage of kills in entire the game.
 B = Kills by you in this place as a percentage of kills by you in the entire game.
 C = Kills by friends in this place as a percentage of kills by friends in the entire game.
 D = Other kills in this place as a percentage of other kills in the entire game.
 E = Experience gained in this place as a percentage of experience gained in the entire game.
 F = Experience gained in this place divided by the number of levels of this place that you have seen.
                   A       B       C       D       E      F
               +-------+-------+-------+-------+-------+----------------------
         Total | 100.0 | 100.0 |   N/A |   N/A | 100.0 |  27.8
       Dungeon | 100.0 | 100.0 |   N/A |   N/A | 100.0 |  34.8
               +-------+-------+-------+-------+-------+----------------------
